 Dungeon Crawl Stone Soup version 0.17.0-24-gcfadda4 (webtiles) character file.

6131 Burgietje the Fighter (level 10, 0/101 HPs)
             Began as a Minotaur Fighter on Nov 17, 2015.
             Was an Elder of Okawaru.
             Slain by a freezing wraith (1 damage)
             ... on level 9 of the Dungeon.
             The game lasted 00:19:23 (7805 turns).

Burgietje the Fighter (Minotaur Fighter)            Turns: 7805, Time: 00:19:23

Health: 0/101      AC: 13    Str: 21    XL:     10   Next: 59%
Magic:  8/9        EV: 11    Int:  5    God:    Okawaru [****..]
Gold:   483        SH: 12    Dex: 13    Spells: 0 memorised, 9 levels left

rFire  x . .     SeeInvis +     g - +1 hand axe (flame)
rCold  + . .     Clarity  .     b - +0 scale mail
rNeg   . . .     SustAt   .     c - +1 shield
rPois  .         Gourm    +     (helmet restricted)
rElec  .         Spirit   .     s - +1 cloak
rCorr  .         Warding  .     O - +0 pair of gloves
rMut   .         Stasis   .     E - +0 pair of boots
MR     .....                    B - amulet of the gourmand
Stlth  +.........               w - ring of see invisible
                                I - ring of ice

@: heroism, hasted and slowed, not resistant to hostile enchantments, very
unstealthy
A: retaliatory headbutt, horns 2
a: Heroism, Renounce Religion


You were on level 9 of the Dungeon.
You worshipped Okawaru.
Okawaru was greatly pleased with you.
You were completely stuffed.

You visited 2 branches of the dungeon, and saw 10 of its levels.

You collected 607 gold pieces.
You spent 124 gold pieces at shops.

Inventory:

Hand Weapons
 a - a +1 war axe
 g - a +1 hand axe of flaming (weapon)
 h - a +0 blowgun
Missiles
 x - 4 tomahawks of returning (quivered)
 N - 48 poisoned needles
Armour
 b - a +0 scale mail (worn)
 c - a +1 shield (worn)
 s - a +1 cloak (worn)
 E - a +0 pair of boots (worn)
 O - a +0 pair of gloves (worn)
Rods
 p - a +1 lightning rod (13/13)
   (You found it on level 2 of the Dungeon)
Jewellery
 j - an uncursed ring of magical power
 w - a ring of see invisible (right hand)
 B - an amulet of the gourmand (around neck)
 I - a ring of ice (left hand)
Wands
 F - a wand of fireball (8)
 J - a wand of draining (9)
 R - a wand of magic darts (19)
Scrolls
 f - 2 scrolls of amnesia
 k - 2 scrolls of magic mapping
 t - 3 scrolls of recharging
 v - 3 scrolls of remove curse
 G - 2 scrolls of fear
 H - a scroll of identify
 L - 2 scrolls of enchant weapon
 M - a scroll of noise {unknown}
 P - a scroll of fog {unknown}
Potions
 d - 2 potions of might
 m - 2 potions of poison
 o - a potion of cancellation {unknown}
 q - 3 potions of curing
 r - a potion of resistance {unknown}
 u - a potion of haste
 z - a potion of invisibility {unknown}
 A - a potion of mutation {unknown}
 C - a potion of agility {unknown}
 D - 2 potions of brilliance {unknown}
Books
 y - a book of the Tempests

   Spells                             Type                      Level
   a - Static Discharge               Conjuration/Air              3
   b - Lightning Bolt                 Conjuration/Air              5
   c - Fireball                       Conjuration/Fire             5
   d - Tornado                        Air                          9
   e - Shatter                        Earth                        9
 K - a book of Envenomations

   Spells                             Type                      Level
   a - Spider Form                    Transmutation/Poison         3
   b - Alistair's Intoxication        Transmutation/Poison         4
   c - Olgreb's Toxic Radiance        Poison                       4
   d - Poisonous Cloud                Conjuration/Poison/Air       6
Comestibles
 e - 3 bread rations
 i - 6 fruits
 l - 3 meat rations
 n - 4 beef jerkies
 Q - a slice of pizza
 S - 2 chunks of flesh


   Skills:
 + Level 13.4(18.4) Fighting
 + Level 13.3(18.3) Axes
 - Level 3.6(8.6) Armour
 - Level 3.6(8.6) Shields


You had 9 spell levels left.
You didn't know any spells.

Dungeon Overview and Level Annotations

Branches:
Dungeon (9/15)             Temple (1/1) D:4            Lair (0/8) D:8
    Orc: D:9-12

Altars:
Ashenzari
Dithmenos
Elyvilon
Fedhas
Gozag
Kikubaaqudgha
Makhleb
Nemelex Xobeh
Okawaru
Qazlal
Ru
Sif Muna
Trog
Vehumet
Xom
Yredelemnul
Zin
The Shining One

Shops:
D:4 (


Innate Abilities, Weirdness & Mutations

You reflexively headbutt those who attack you in melee.
You have a pair of horns on your head.


Message History

* * * LOW HITPOINT WARNING * * *
Unknown command.
Read which item? (? for menu, Esc to quit)
As you read the scroll labeled EFIOLUISEL, it crumbles to dust.
You assume a fearsome visage.
The freezing wraith is unaffected.
The eye of draining looks frightened!
It was a scroll of fear.
The freezing wraith hits you.
* * * LOW HITPOINT WARNING * * *
The freezing wraith freezes you. You resist.
* * * LOW HITPOINT WARNING * * *
The freezing wraith hits you.
* * * LOW HITPOINT WARNING * * *
The freezing wraith drains your vigour!
You feel as though you will be slow longer.
* * * LOW HITPOINT WARNING * * *
You block the freezing wraith's attack. The freezing wraith barely misses you.
Drink which item? (? for menu, Esc to quit)
It was a potion of haste.
You feel yourself speed up. The freezing wraith hits you.
You die...

.....# ##
###.#.....#
.....#
..#.#.....#
.##..#
####.#.#.....# .#
..# ..#.#.#.....#
.# .#
#.#.#.#.....# .#
#.#G#.#.....# .#
#(#.#.#....# .#
#$##W#.#.#....#
## #..@#.#.#....#
#..c####.#.#....#
### ..#.#....#
###.#....+
..#....# ###


You could see a freezing wraith, an eye of draining (fleeing) and a centaur
(wandering).

Vanquished Creatures
  A centaur warrior (D:9)
  A death yak (D:8)
  The ghost of DrakieV the Basher, a novice MiFi (D:8)
  Grinder (D:6)
  Prince Ribbit (D:4)
  A two-headed ogre (D:8)
  4 hippogriffs
  2 yaks (D:8)
  Menkaure (D:5)
  Edmund (D:4)
  A water moccasin (D:7)
  2 ice beasts (D:5)
  A necrophage (D:6)
  3 ogres
  2 black bears
  3 sky beasts
  Blork the orc (D:6)
  2 centaurs
  2 giant frogs
  A big kobold (D:8)
  A crimson imp (D:5)
  A quasit (D:7)
  A centaur zombie (D:5)
  An iguana (D:8)
  2 centaur skeletons
  2 giant frog skeletons
  5 hounds
  3 jellies
  3 orc priests (D:3)
  3 orc wizards
  5 worker ants
  A killer bee zombie (D:9)
  2 sheep (D:8)
  2 hound zombies (D:8)
  A hound skeleton (D:4)
  8 gnolls
  2 shadow imps
  7 adders
  2 oozes
  3 adder skeletons
  4 worms (D:2)
  26 orcs
  10 hobgoblins
  6 jackals
  11 kobolds
  4 quokkas
  A ball python skeleton (D:4)
  6 bats
  2 giant cockroaches
  A giant cockroach zombie (D:5)
  6 giant geckos
  A giant gecko skeleton (D:5)
  3 giant newts
  9 goblins
  6 rats
183 creatures vanquished.

Notes
Turn   | Place    | Note
--------------------------------------------------------------
     0 | D:1      | Burgietje the Minotaur Fighter began the quest for the Orb.
     0 | D:1      | Reached XP level 1. HP: 19/19 MP: 0/0
   357 | D:1      | Reached skill level 4 in Fighting
   436 | D:1      | Reached XP level 2. HP: 21/27 MP: 1/1
   761 | D:2      | Reached XP level 3. HP: 9/34 MP: 2/2
  1157 | D:2      | Reached skill level 5 in Fighting
  1212 | D:2      | Reached XP level 4. HP: 33/42 MP: 3/3
  1669 | D:3      | Reached XP level 5. HP: 36/49 MP: 4/4
  1672 | D:3      | Reached skill level 5 in Axes
  2037 | D:4      | Reached skill level 6 in Fighting
  2181 | D:4      | Found Goteh's Weapon Shop.
  2188 | D:4      | Bought a +1 hand axe of flaming for 124 gold pieces
  2304 | D:4      | Noticed Edmund
  2307 | D:4      | Noticed an ogre
  2319 | D:4      | Killed an ogre
  2319 | D:4      | Reached XP level 6. HP: 45/58 MP: 5/5
  2327 | D:4      | Killed Edmund
  2327 | D:4      | Reached skill level 7 in Fighting
  2756 | D:4      | Found a blossoming altar of Fedhas.
  2756 | D:4      | Found a stormy altar of Qazlal.
  2920 | D:4      | Found a glowing silver altar of Zin.
  3016 | D:4      | Found a staircase to the Ecumenical Temple.
  3022 | Temple   | Entered the Ecumenical Temple
  3053 | Temple   | Became a worshipper of Warmaster Okawaru
  3259 | D:5      | Entered Level 5 of the Dungeon
  3259 | D:5      | Noticed Prince Ribbit
  3490 | D:4      | Reached XP level 7. HP: 44/66 MP: 6/6
  3696 | D:4      | Killed Prince Ribbit
  3696 | D:4      | Reached * piety under Okawaru
  3973 | D:5      | Reached skill level 8 in Fighting
  4104 | D:5      | Reached XP level 8. HP: 60/75 MP: 7/7
  4160 | D:5      | Noticed Menkaure
  4168 | D:5      | Killed Menkaure
  4168 | D:5      | Reached ** piety under Okawaru
  4168 | D:5      | Reached skill level 9 in Fighting
  4683 | D:6      | Noticed Blork the orc
  4693 | D:6      | Killed Blork the orc
  4693 | D:6      | Reached skill level 10 in Fighting
  4864 | D:6      | Reached skill level 10 in Axes
  5051 | D:6      | Reached *** piety under Okawaru
  5051 | D:6      | Reached XP level 9. HP: 86/86 MP: 8/8
  5068 | D:6      | Noticed Grinder
  5081 | D:6      | Killed Grinder
  5320 | D:7      | Reached skill level 11 in Fighting
  5613 | D:7      | Found a shattered altar of Ashenzari.
  5613 | D:7      | Found a burning altar of Makhleb.
  5696 | D:7      | Found a glowing golden altar of the Shining One.
  6293 | D:8      | Noticed DrakieV's ghost (novice MiFi)
  6325 | D:8      | Killed DrakieV's ghost
  6325 | D:8      | Reached **** piety under Okawaru
  6325 | D:8      | Reached skill level 12 in Fighting
  6664 | D:8      | Received a gift from Okawaru
  7092 | D:8      | Found a staircase to the Lair.
  7096 | D:8      | Noticed a death yak
  7102 | D:8      | Reached XP level 10. HP: 48/99 MP: 9/9
  7143 | D:8      | Killed a death yak
  7527 | D:8      | Reached skill level 13 in Fighting
  7789 | D:9      | Noticed a centaur warrior
  7798 | D:9      | Killed a centaur warrior
  7804 | D:9      | HP: 4/101 [freezing wraith (6)]
  7804 | D:9      | HP: 1/101 [freezing wraith (3)]
  7805 | D:9      | Slain by a freezing wraith

Action                   |  1- 3 |  4- 6 |  7- 9 | 10-12 || total
-------------------------+-------+-------+-------+-------++-------
Melee: War axe           |    93 |    59 |       |       ||   152
       Hand axe          |       |    67 |   294 |    95 ||   456
Invok: Heroism           |       |       |     1 |     1 ||     2
  Use: Scroll            |       |    13 |       |     1 ||    14
       Potion            |       |       |       |     3 ||     3
  Eat: Chunk             |     1 |    17 |    16 |     3 ||    37
